 Dungeon Crawl Stone Soup version 0.31-a0-1278-g11c5b68f87 (webtiles) character file.

Game seed: 11854563620787414239

162430 croobank the Illuminatus (level 17, -5/138 HPs)
             Began as a Gnoll Summoner on Dec 16, 2023.
             Was an Elder of Ashenzari.
             Killed from afar by a salamander tyrant (37 damage)
             ... with a flame surge
             ... on level 4 of the Snake Pit on Dec 17, 2023.
             The game lasted 03:38:19 (36677 turns).

croobank the Illuminatus (Gnoll Summoner)          Turns: 36677, Time: 03:38:20

Health: -5/138     AC: 19    Str: 18    XL:     17   Next: 81%
Magic:  24/41      EV: 18    Int: 39    God:    Ashenzari [****..]
Gold:   223        SH: 19    Dex: 13    Spells: 3/45 levels left

rFire   . . .        Y - +6 Majin-Bo {spellvamp, MP+6 Int+6}
rCold   + . .        Z - +1 kite shield {reflect}
rNeg    . . .        t - +3 robe "Eternal Absolutism" {Harm Int+2, Comp, Bglg} (curse)
rPois   +            F - +2 helmet of Ashenzari's Affliction {Int+3, Bglg, Fort} (curse)
rElec   .            M - +1 cloak of the Celestial Regret {Str+6 Int+4, Elem, Cun} (curse)
rCorr   .            n - +1 pair of gloves "Scepticism of Ashenzari" {Self, Melee} (curse)
SInv    +            q - +2 pair of boots of the Unyielding Gaze {Melee, Elem} (curse)
Will    +....        E - amulet of the Fated Ordeal {Reflect rPois SH+5, Alch, Fort} (curse)
Stlth   ++++++       I - ring of protection from cold
HPRegen 0.43/turn    U - +6 ring of intelligence
MPRegen 0.27/turn

%: harm (+30% outgoing, +20% incoming), reflection, clarity
@: no status effects
A: fangs 1, strong nose, distributed training
a: Renounce Religion, Curse Item, Shatter the Chains


You were on level 4 of the Snake Pit.
You worshipped Ashenzari.
Ashenzari was greatly pleased with you.
You visited 5 branches of the dungeon, and saw 27 of its levels.
You also visited: Gauntlet.

You collected 2758 gold pieces.
You spent 2535 gold pieces at shops.

Inventory:

Hand Weapons
 f - a +5 dagger
 v - the +8 orcbow of Slime {freeze, rN+ rCorr Str-3}
   (You bought it in a shop on level 14 of the Dungeon)

   Str-3:     It affects your strength (-3).
   rN+:       It protects you from negative energy.
   rCorr:     It protects you from acid and corrosion.
 Y - the +6 Majin-Bo (weapon) {spellvamp, MP+6 Int+6}
   (You found it on level 5 of the Lair of Beasts)

   Int+6:     It affects your intelligence (+6).
   MP+6:      It affects your magic capacity (+6).
Missiles
 m - 5 datura-tipped darts
 D - a throwing net
 G - 27 boomerangs
 J - 2 silver javelins
Armour
 a - a +2 leather armour of fire resistance
 n - the cursed +1 pair of gloves "Scepticism of Ashenzari" (worn) {Self, Melee}
   (You found it on level 2 of the Dungeon)

   It has a curse which improves the following skills: Introspection: Fighting
   and Spellcasting.
   Melee Combat: Short Blades, Long Blades, Axes, Maces & Flails, Polearms,
   Staves and Unarmed Combat.
 q - the cursed +2 pair of boots of the Unyielding Gaze (worn) {Melee, Elem}
   (You found it on level 3 of the Dungeon)

   It has a curse which improves the following skills: Melee Combat: Short
   Blades, Long Blades, Axes, Maces & Flails, Polearms, Staves and Unarmed
   Combat.
   Elements:  Fire Magic, Ice Magic, Air Magic and Earth Magic.
 t - the cursed +3 robe "Eternal Absolutism" (worn) {Harm Int+2, Comp, Bglg}
   (You found it on level 4 of the Dungeon)

   Int+2:     It affects your intelligence (+2).
   Harm:      It increases damage dealt and taken.
   It has a curse which improves the following skills: Companions: Summonings
   and Necromancy.
   Beguiling: Conjurations, Hexes and Translocations.
 F - the cursed +2 helmet of Ashenzari's Affliction (worn) {Int+3, Bglg, Fort}
   (You found it in a Gauntlet)

   It has a curse which improves the following skills: Beguiling: Conjurations,
   Hexes and Translocations.
   Fortitude: Armour and Shields.
 M - the cursed +1 cloak of the Celestial Regret (worn) {Str+6 Int+4, Elem, Cun}
   (You found it on level 11 of the Dungeon)

   Str+6:     It affects your strength (+6).
   Int+4:     It affects your intelligence (+4).
   It has a curse which improves the following skills: Elements: Fire Magic, Ice
   Magic, Air Magic and Earth Magic.
   Cunning:   Dodging and Stealth.
 Z - a +1 kite shield of reflection (worn)
Jewellery
 s - a ring of positive energy
 x - a ring of positive energy
 E - the cursed amulet of the Fated Ordeal (around neck) {Reflect rPois SH+5, Alch, Fort}
   (You bought it in a shop on level 1 of the Snake Pit)

   [amulet of reflection]

   Reflect:   It reflects blocked missile attacks.
   rPois:     It protects you from poison SH+5: It affects your SH (+5).
   It has a curse which improves the following skills: Alchemy: Poison Magic and
   Transmutations.
   Fortitude: Armour and Shields.
 I - a ring of protection from cold (left hand)
 R - a +6 ring of dexterity
 U - a +6 ring of intelligence (right hand)
 X - a ring of resist corrosion
Wands
 c - a wand of acid (7)
 K - a wand of charming (10)
 P - a wand of iceblast (8)
 Q - a wand of mindburst (15)
Scrolls
 d - 6 scrolls of amnesia
 h - 2 scrolls of enchant weapon
 j - 5 scrolls of immolation
 k - 5 scrolls of teleportation
 l - 3 scrolls of torment
 r - a scroll of silence
 u - a scroll of brand weapon
 y - 4 scrolls of poison
 A - 6 scrolls of noise
 B - a scroll of vulnerability
 O - 2 scrolls of fear
 T - 2 scrolls of revelation
 V - 3 scrolls of fog
Potions
 b - a potion of magic
 e - a potion of ambrosia
 g - 4 potions of mutation
 i - a potion of cancellation
 o - 2 potions of brilliance
 p - 4 potions of might
 w - 5 potions of curing
 z - 2 potions of haste
 L - 2 potions of attraction
 N - 7 potions of lignification
 S - a potion of berserk rage
 W - 2 potions of enlightenment
Miscellaneous
 C - a phantom mirror (inert)
 H - a box of beasts


   Skills:
 + Level 12.1(13.9) Fighting
 + Level 12.1(14.8) Short Blades
 + Level 12.1(14.8) Long Blades
 + Level 12.1(14.8) Axes
 + Level 12.1(14.8) Maces & Flails
 + Level 12.1(14.8) Polearms
 + Level 12.1(14.8) Staves
 + Level 12.1 Ranged Weapons
 + Level 12.1 Throwing
 + Level 12.1(14.8) Armour
 + Level 12.9(14.6) Dodging
 + Level 12.8(14.5) Stealth
 + Level 12.1(14.8) Shields
 + Level 12.1(14.8) Unarmed Combat
 + Level 13.1(14.8) Spellcasting
 + Level 10.2(12.9) Conjurations
 + Level 10.2(12.9) Hexes
 + Level 12.4(14.1) Summonings
 + Level 10.2(12.0) Necromancy
 + Level 10.2(12.9) Translocations
 + Level 10.2(12.0) Transmutations
 + Level 10.2(12.9) Fire Magic
 + Level 10.2(12.9) Ice Magic
 + Level 10.2(12.9) Air Magic
 + Level 10.2(12.9) Earth Magic
 + Level 10.2(12.0) Poison Magic
 + Level 13.1 Invocations
 + Level 12.1 Evocations
 + Level 11.1 Shapeshifting


You had 3 spell levels left.
You knew the following spells:

 Your Spells              Type           Power      Damage    Failure   Level
a - Summon Small Mammal   Summ           100%       N/A       0%          1
b - Call Imp              Summ           100%       N/A       0%          2
c - Call Canine Familiar  Summ           96%        N/A       0%          3
d - Summon Guardian Gole  Hex/Summ       94%        N/A       1%          3
e - Summon Lightning Spi  Summ/Air       94%        N/A       1%          4
f - Summon Hydra          Summ           48%        N/A       4%          7
g - Arcjolt               Conj/Air       46%        1d56      1%          5
h - Irradiate             Conj/Tmut      45%        3d26      1%          5
t - Tukima's Dance        Hex            92%        N/A       1%          3
v - Summon Mana Viper     Hex/Summ       94%        N/A       1%          5
x - Airstrike             Air            46%        2d(7-23)  1%          4

Your spell library contained the following spells:

 Spells                   Type           Power      Damage    Failure   Level
 Freeze                   Ice            100%       1d10      0%          1
 Kiss of Death            Conj/Necr      100%       2d13      0%          1
 Necrotise                Necr           100%       1d9       0%          1
 Slow                     Hex            100%       N/A       0%          1
 Blink                    Tloc           100%       N/A       0%          2
 Static Discharge         Conj/Air       100%       3-8/arc   0%          2
 Sublimation of Blood     Necr           89%        N/A       1%          2
 Wereblood                Tmut           89%        N/A       1%          2
 Confusing Touch          Hex            92%        N/A       1%          3
 Frozen Ramparts          Ice            100%       1d16      1%          3
 Hailstorm                Conj/Ice       92%        3d15      1%          3
 Sigil of Binding         Hex            92%        N/A       1%          3
 Teleport Other           Tloc           92%        N/A       1%          3
 Vampiric Draining        Necr           89%        2d12      1%          3
 Dimensional Bullseye     Hex/Tloc       46%        N/A       1%          4
 Dispel Undead            Necr           89%        3d28      1%          4
 Iskenderun's Mystic Bla  Conj/Tloc      92%        2d18      1%          4
 Manifold Assault         Tloc           92%        N/A       1%          4
 Passage of Golubria      Tloc           92%        N/A       1%          4
 Petrify                  Tmut/Erth      91%        N/A       1%          4
 Summon Ice Beast         Ice/Summ       94%        N/A       1%          4
 Vhi's Electric Charge    Tloc/Air       100%       N/A       1%          4
 Agony                    Necr           89%        N/A       1%          5
 Silence                  Hex/Air        46%        N/A       1%          5
 Yara's Violent Unravell  Hex/Tmut       45%        3d18      1%          5
 Monstrous Menagerie      Summ           48%        N/A       4%          7
 Lehudib's Crystal Spear  Conj/Erth      46%        10d11     52%         8
 Maxwell's Capacitive Co  Air            46%        ∞         52%         8


Dungeon Overview and Level Annotations

Branches:
Dungeon (15/15)            Temple (1/1) D:5            Lair (5/5) D:9
  Swamp (0/4) Lair:3        Snake (4/4) Lair:3        Slime (0/5) Lair:4
    Orc (2/2) D:11            Elf (0/3) Orc:2        Vaults (0/5) D:13
 Depths (0/4) D:15        Gauntlet (visited)

Altars:
Ashenzari
Cheibriados
Dithmenos
Elyvilon
Fedhas
Gozag
Hepliaklqana
Kikubaaqudgha
Makhleb
Nemelex Xobeh
Okawaru
Qazlal
Ru
Sif Muna
Trog
Uskayaw
Vehumet
Wu Jian
Xom
Yredelemnul
Zin
The Shining One

Shops:
D:5 **   D:7 [   D:11 *   D:14 (   Orc:2 (!*[   Snake:1 =::   Snake:2 ((***=
Snake:3 [!

Portals:
Abyss: Snake:3

Annotations:
D:14 exclusion: ice statue
Snake:3 2 transporters, Zonian's ghost, adept DgHu


Innate Abilities, Weirdness & Mutations

You have very sharp teeth.
Your uncanny sense of smell can sniff out nearby items.
Your experience applies equally to all skills.


Message History

The salamander tyrant rends the earth beneath you!
The blast of magma engulfs you!!
The blast of magma engulfs your mana viper!!
The blast of magma engulfs your four-headed hydra!!!
Your four-headed hydra dies!
Your four-headed hydra's corpse disappears in a puff of smoke!
Casting: Summon Mana Viper (mildly dangerous; 1% risk of failure)
Confirm with . or Enter, or press ? or * to list all spells.
An eight-headed hydra appears.
The naga mage gestures wildly while chanting.
The naga mage seems to speed up.
Your mana viper barely misses the nagaraja.
The salamander tyrant calls gouts of flame from the lava!
The flame surge hits you but does no damage.
The flame surge hits your eight-headed hydra!!!
The nagaraja casts a spell at you.
The bolt of poison misses your mana viper.
Your mana viper bites the nagaraja!
The nagaraja's magic leaks into the air.
The nagaraja spits poison at you.
The splash of poison hits your mana viper.
The salamander tyrant rends the earth beneath you!
The blast of magma engulfs your eight-headed hydra!!
Your eight-headed hydra dies!
Your eight-headed hydra's corpse disappears in a puff of smoke!
The blast of magma engulfs you!!
* * * LOW HITPOINT WARNING * * *
Your mana viper closely misses the nagaraja.
Okay, then.
Okay, then.
The naga mage points at the nagaraja and mumbles some strange words.
The nagaraja seems to grow toxic.
The nagaraja barely misses your mana viper.
The nagaraja grabs your mana viper.
The nagaraja constricts your mana viper.
Your mana viper bites the nagaraja!
The nagaraja's magic leaks into the air.
The salamander tyrant calls gouts of flame from the lava!
The flame surge hits you!!
You die...

#...#...##.......≈≈.......#...
##......##......§≈≈≈..§...#...
#......##))[.≈≈§≈§≈§§.§..##..
##...####..§≈§§≈§§≈§≈§≈..####
#.#####.†.≈§≈§§≈§≈≈≈§§§..## #.#
##...≈≈≈########§≈≈...##
###)###..≈≈≈###......###≈§≈..#
#..)##§.≈≈≈##≈.........##§≈≈..
##.###.§§§≈##.@..........##§§≈.
#..##..§.§##≈.≈.######..).##≈≈≈
#.##§§§≈§##.≈.###,,{,###...##≈≈
#.#).≈≈§##..≈##,,,,,^∆,##...##≈
##.#..≈≈≈#..≈##,,~~~~~~,,##...#≈
##..#'#####S..#,,{~~~~~~~,,#...'.
#..#†)#*,NN#+##,~~~~~~~~~~,######
#.#).##..NN,**,,~~~~~~~~~~,,***,,
#.#.##....,,,*,~~~~~~~~~~~~,**{{{


You could see a nagaraja (fast, curare, catching breath, ally target, magic
disrupted), a salamander tyrant, a salamander, a naga mage (fast) and a friendly
mana viper (summoned).

Vanquished Creatures
  An orc warlord (Orc:1)
  2 hydras
  An anaconda (Snake:4)
  A catoblepas (D:13)
  A salamander tyrant (Snake:4)
  2 boulder beetles
  4 two-headed ogres
  3 naga warriors
  4 naga sharpshooters
  5 death yaks
  2 orc high priests (Orc:2)
  2 skysharks
  A salamander mystic (Snake:4)
  3 orc knights
  3 lindwurms
  3 ugly things
  3 salamanders (Snake:4)
  A mana viper (Snake:1)
  An orc sorcerer (Orc:2)
  A manticore (D:13)
  An ice statue (Gauntlet)
  A cyclops (D:11)
  16 black mambas
  5 cane toads
  3 naga magi
  2 gargoyles
  A hellion (Gauntlet)
  3 rime drakes
  A kobold demonologist (D:13)
  2 torpor snails (Lair:5)
  2 yaktaurs (D:12)
  4 komodo dragons
  5 polar bears
  6 trolls
  A tarantella (shapeshifter) (D:13)
  11 blink frogs
  2 nameless horrors
  2 hornets (Lair:5)
  4 slime creatures
  A ynoxinul (Gauntlet)
  10 spriggans (Lair:5)
  A wraith (D:12)
  3 wyverns
  A water elemental (D:11)
  44 yaks
  A warg (Orc:1)
  A basilisk (Lair:3)
  A vampire mosquito (D:12)
  9 nagas
  5 water moccasins
  24 orc warriors
  4 black bears
  3 boggarts (Lair:5)
  5 ogres (Orc:1)
  25 wolves
  A kobold brigand (D:11)
  4 bullfrogs
  5 killer bees
  9 electric eels (D:11)
  3 howler monkeys
  A jelly (D:5)
  21 orc priests
  2 hounds
  5 iron imps
  9 orc wizards
  2 hell rats (Lair:3)
  A howler monkey zombie (D:8)
  2 gnolls (D:4)
  5 adders
  42 orcs
  2 bats (D:1)
  2 endoplasms
  2 giant cockroaches (D:2)
  5 goblins
  2 hobgoblins
  3 jackals (D:2)
  6 kobolds (D:11)
  2 quokkas
  6 ball pythons
  A frilled lizard (D:1)
  2 rats
399 creatures vanquished.

Vanquished Creatures (collateral kills)
  Asterion (Snake:1)
  Mlioglotl (Snake:4)
  Frances (D:13)
  Donald (Snake:2)
  A nagaraja (Snake:2)
  Louise (Snake:1)
  A minotaur (Gauntlet)
  A fire dragon (D:15)
  An ice dragon (D:15)
  2 hydras
  A salamander tyrant (Snake:4)
  4 centaur warriors
  4 anacondas
  An alligator (Lair:3)
  A two-headed ogre (D:12)
  10 naga sharpshooters
  A tengu warrior (D:15)
  5 naga warriors
  Sonja (Orc:1)
  3 orc high priests (Orc:2)
  8 shock serpents
  2 nameless horrors
  2 salamander mystics (Snake:4)
  2 skeletal warriors (D:11)
  3 naga ritualists
  6 orc knights
  2 lindwurms
  A deep elf pyromancer (D:14)
  4 mana vipers
  A deep elf zephyrmancer (D:15)
  2 cyclopes (D:14)
  13 salamanders
  An orc sorcerer (Orc:2)
  20 ugly things
  6 elephants
  A kobold blastminer (Orc:2)
  23 black mambas
  4 guardian serpents
  8 naga magi
  10 cane toads
  An unseen horror zombie (D:8)
  A yaktaur (D:12)
  3 komodo dragons
  A tengu conjurer (D:15)
  A rime drake (Lair:1)
  Psyche (D:9)
  An ice devil (D:14)
  3 trolls
  5 hornets
  4 polar bears
  6 blink frogs (Lair:5)
  A dream sheep (Lair:5)
  9 slime creatures
  A centaur simulacrum (D:14)
  A shadow (D:10)
  3 spriggans (Lair:5)
  6 wyverns
  A fire bat (D:7)
  Eustachio (D:5)
  2 basilisks (Lair:1)
  20 yaks
  A wraith (D:6)
  A steam dragon (shapeshifter) (D:15)
  20 nagas
  2 wargs
  5 water moccasins
  2 hell hounds (Gauntlet)
  Duvessa (D:5)
  11 orc warriors
  A sky beast (D:5)
  6 ice beasts
  2 black bears
  4 centaurs
  20 wolves
  A phantom (D:5)
  4 bullfrogs
  3 necrophages (D:8)
  A wight (D:7)
  Dowan (D:5)
  5 killer bees
  3 howler monkeys
  2 lava snakes (D:10)
  2 jellies (D:6)
  A hound (D:5)
  15 orc priests
  An iguana (D:9)
  5 orc wizards
  A sleepcap (D:3)
  6 hell rats
  10 adders
  7 gnolls
  2 white imps
  2 dart slugs
  25 orcs
  7 endoplasms
  2 giant cockroaches
  7 goblins
  4 hobgoblins
  7 kobolds
  2 quokkas (D:4)
  6 ball pythons
  2 bats (D:2)
  2 frilled lizards (D:1)
  19 rats
464 creatures vanquished.

Vanquished Creatures (others)
  A nagaraja (Snake:4)
  Snorg (D:13)
  A hydra (Lair:4)
  A skeletal warrior (D:11)
  A skyshark (Lair:1)
  A wolf spider (Lair:1)
  A manticore (D:13)
  An ugly thing (D:14)
  3 black mambas
  An elephant (Lair:3)
  A rime drake (Lair:1)
  2 komodo dragons
  5 dancing weapons
  2 trolls
  8 yaks
  2 basilisks
  A vampire mosquito (D:12)
  A warg (D:9)
  2 acid dragons
  2 orc warriors
  A hornet zombie (D:8)
  An ogre (D:5)
  5 wights
  9 killer bees
  A howler monkey (D:10)
  A hound (D:7)
  An orc wizard (D:7)
  3 hell rats
  A howler monkey zombie (D:8)
  An adder (Lair:1)
  An orc (D:10)
63 creatures vanquished.

Grand Total: 926 creatures vanquished

Notes
Turn   | Place    | Note
-------+----------+-------------------------------------------
     0 | D:1      | croobank the Gnoll Summoner began the quest for the Orb.
     0 | D:1      | Reached XP level 1. HP: 13/13 MP: 6/6
   193 | D:1      | Reached XP level 2. HP: 19/19 MP: 7/7
   196 | D:1      | Learned a level 2 spell: Call Imp
   551 | D:1      | Reached XP level 3. HP: 20/25 MP: 3/9
   553 | D:1      | Reached skill level 5 in Spellcasting
   776 | D:1      | Reached skill level 1 in Invocations
   780 | D:1      | Learned a level 3 spell: Call Canine Familiar
  1117 | D:2      | Reached skill level 1 in Fighting
  1117 | D:2      | Reached skill level 1 in Short Blades
  1117 | D:2      | Reached skill level 1 in Long Blades
  1117 | D:2      | Reached skill level 1 in Axes
  1117 | D:2      | Reached skill level 1 in Maces & Flails
  1117 | D:2      | Reached skill level 1 in Polearms
  1117 | D:2      | Reached skill level 1 in Staves
  1117 | D:2      | Reached skill level 1 in Ranged Weapons
  1117 | D:2      | Reached skill level 1 in Throwing
  1117 | D:2      | Reached skill level 1 in Armour
  1117 | D:2      | Reached skill level 1 in Shields
  1117 | D:2      | Reached skill level 1 in Unarmed Combat
  1117 | D:2      | Reached skill level 1 in Evocations
  1210 | D:2      | Reached XP level 4. HP: 19/32 MP: 8/11
  1211 | D:2      | Reached skill level 1 in Shapeshifting
  1472 | D:2      | Reached skill level 1 in Conjurations
  1472 | D:2      | Reached skill level 1 in Hexes
  1472 | D:2      | Reached skill level 1 in Necromancy
  1472 | D:2      | Reached skill level 1 in Translocations
  1472 | D:2      | Reached skill level 1 in Transmutations
  1472 | D:2      | Reached skill level 1 in Fire Magic
  1472 | D:2      | Reached skill level 1 in Ice Magic
  1472 | D:2      | Reached skill level 1 in Air Magic
  1472 | D:2      | Reached skill level 1 in Earth Magic
  1472 | D:2      | Reached skill level 1 in Poison Magic
  1753 | D:2      | Reached XP level 5. HP: 37/37 MP: 12/12
  1757 | D:2      | Learned a level 3 spell: Summon Guardian Golem
  1762 | D:2      | Learned a level 4 spell: Summon Lightning Spire
  3150 | D:4      | Reached XP level 6. HP: 42/44 MP: 6/13
  3213 | D:4      | Found a sacrificial altar of Ru.
  3563 | D:4      | Found a sparkling altar of Nemelex Xobeh.
  3632 | D:4      | Identified the +3 robe of Immorality {Harm Int+2}
  3639 | D:4      | Reached skill level 5 in Dodging
  3695 | D:4      | Found Xecoitef's Antique Weapon Shop.
  4086 | D:5      | Entered Level 5 of the Dungeon
  4204 | D:5      | Found Funlag's Fabulous Fripperies.
  4212 | D:5      | Bought a scroll of fear for 44 gold pieces
  4234 | D:5      | Found a staircase to the Ecumenical Temple.
  4240 | Temple   | Entered the Ecumenical Temple
  4244 | Temple   | Became a worshipper of Ashenzari the Shackled
  4301 | D:5      | Found Girumuto's Assorted Antiques.
  4305 | D:5      | Bought a clear potion for 22 gold pieces
  4305 | D:5      | Bought a green potion for 22 gold pieces
  4305 | D:5      | Bought a scroll of identify for 50 gold pieces
  4305 | D:5      | Bought a scroll labelled ADY TAZAUVOUH for 25 gold pieces
  4310 | D:5      | Found a stormy altar of Qazlal.
  4310 | D:5      | Noticed a sky beast
  4334 | D:5      | Killed a sky beast
  4373 | D:5      | Noticed a water moccasin
  4378 | D:5      | Killed a water moccasin
  4379 | D:5      | Reached XP level 7. HP: 51/51 MP: 15/15
  4419 | D:5      | Found a shimmering altar of Xom.
  4435 | D:5      | Found a radiant altar of Vehumet.
  4469 | D:5      | Found an iron altar of Okawaru.
  4471 | D:5      | Noticed Eustachio
  4486 | D:5      | Reached skill level 5 in Stealth
  4537 | D:5      | Killed Eustachio
  4716 | D:5      | Reached XP level 8. HP: 57/57 MP: 16/16
  4924 | D:5      | Noticed Dowan
  4932 | D:5      | Noticed Duvessa
  4934 | D:5      | Killed Dowan
  4945 | D:5      | Killed Duvessa
  5284 | D:6      | Found a hide-covered altar of Uskayaw.
  5289 | D:6      | Found a white marble altar of Elyvilon.
  5289 | D:6      | Found a bloodstained altar of Trog.
  5389 | D:6      | Noticed a wraith
  5395 | D:6      | Killed a wraith
  5466 | D:6      | Identified the +0 robe of the Hot Ocelot {Rampage rC+
                  | Int-5}
  5848 | D:6      | Reached * piety under Ashenzari
  6114 | D:6      | Found a snail-covered altar of Cheibriados.
  6260 | D:7      | Found Okhih's Antique Armour Shoppe.
  6331 | D:7      | Found a shadowy altar of Dithmenos.
  6438 | D:7      | Reached XP level 9. HP: 30/66 MP: 11/19
  6916 | D:7      | Learned a level 3 spell: Tukima's Dance
  6950 | D:7      | Reached ** piety under Ashenzari
  7465 | D:8      | Found a blossoming altar of Fedhas.
  7580 | D:8      | Reached skill level 5 in Invocations
  7700 | D:8      | Reached XP level 10. HP: 76/76 MP: 22/22
  7701 | D:8      | Reached skill level 5 in Fighting
  7701 | D:8      | Reached skill level 5 in Short Blades
  7701 | D:8      | Reached skill level 5 in Long Blades
  7701 | D:8      | Reached skill level 5 in Axes
  7701 | D:8      | Reached skill level 5 in Maces & Flails
  7701 | D:8      | Reached skill level 5 in Polearms
  7701 | D:8      | Reached skill level 5 in Staves
  7701 | D:8      | Reached skill level 5 in Ranged Weapons
  7701 | D:8      | Reached skill level 5 in Throwing
  7701 | D:8      | Reached skill level 5 in Armour
  7701 | D:8      | Reached skill level 5 in Shields
  7701 | D:8      | Reached skill level 5 in Unarmed Combat
  7701 | D:8      | Reached skill level 5 in Evocations
  7890 | D:9      | Noticed a two-headed ogre
  7896 | D:9      | Killed a two-headed ogre
  7986 | D:9      | Found a staircase to the Lair.
  8164 | D:9      | Found a glowing silver altar of Zin.
  8164 | D:9      | Found a basalt altar of Yredelemnul.
  8165 | D:9      | Found a shimmering blue altar of Sif Muna.
  8275 | D:9      | Reached skill level 5 in Shapeshifting
  8576 | D:9      | Noticed Psyche
  8587 | D:9      | Killed Psyche
  8711 | D:10     | Entered Level 10 of the Dungeon
  9319 | D:10     | Reached XP level 11. HP: 81/83 MP: 22/24
  9445 | D:10     | Reached skill level 5 in Conjurations
  9445 | D:10     | Reached skill level 5 in Hexes
  9445 | D:10     | Reached skill level 5 in Necromancy
  9445 | D:10     | Reached skill level 5 in Translocations
  9445 | D:10     | Reached skill level 5 in Transmutations
  9445 | D:10     | Reached skill level 5 in Fire Magic
  9445 | D:10     | Reached skill level 5 in Ice Magic
  9445 | D:10     | Reached skill level 5 in Air Magic
  9445 | D:10     | Reached skill level 5 in Earth Magic
  9445 | D:10     | Reached skill level 5 in Poison Magic
  9503 | D:10     | Upgraded the game from 0.31-a0-1237-gabc64e778c to
                  | 0.31-a0-1267-gfedaa18580
  9918 | D:11     | Identified the +1 cloak "Lewneafe" {Str+6 Int+4}
  9935 | D:11     | Reached *** piety under Ashenzari
  9979 | D:11     | Found a staircase to the Orcish Mines.
 10328 | D:11     | Found Ytiplot's CLEARANCE SALE!.
 10516 | D:5      | Bought a copper wand for 100 gold pieces
 10800 | D:11     | Learned a level 4 spell: Airstrike
 10939 | D:11     | Noticed a skeletal warrior
 10939 | D:11     | Noticed a skeletal warrior
 10941 | D:11     | Noticed a skeletal warrior
 10958 | D:11     | Killed a skeletal warrior
 10966 | D:11     | Killed a skeletal warrior
 10974 | D:11     | Killed a skeletal warrior
 10986 | D:11     | Noticed a cyclops
 10994 | D:11     | Killed a cyclops
 11074 | D:11     | Identified the +0 leather armour of Vehumet's Delight
                  | {Str+3 Dex+2}
 11139 | D:11     | Noticed a two-headed ogre
 11148 | D:11     | Killed a two-headed ogre
 11209 | D:11     | Noticed a brown ugly thing
 11215 | D:11     | Killed a brown ugly thing
 11648 | D:12     | Noticed a brown ugly thing
 11670 | D:12     | Reached XP level 12. HP: 93/94 MP: 23/26
 11726 | D:12     | Noticed a two-headed ogre
 11728 | D:12     | Killed a two-headed ogre
 11906 | D:12     | Reached **** piety under Ashenzari
 12020 | D:12     | Identified the +3 ring mail "Gierolip" {Will+ Dex+3}
 12247 | D:12     | Noticed a two-headed ogre
 12252 | D:12     | Killed a two-headed ogre
 12613 | D:13     | Noticed Snorg
 12614 | D:13     | Noticed a seven-headed hydra
 12629 | D:13     | Killed Snorg
 12644 | D:13     | Killed a seven-headed hydra
 12749 | D:13     | Noticed a four-headed hydra
 12755 | D:13     | Killed a four-headed hydra
 12873 | D:13     | Noticed Frances
 13002 | D:13     | Noticed a soul eater
 13025 | D:13     | Killed Frances
 13491 | D:5      | Learned a level 7 spell: Summon Hydra
 14059 | D:13     | Noticed a catoblepas
 14072 | D:13     | Killed a catoblepas
 14073 | D:13     | Reached XP level 13. HP: 73/105 MP: 13/29
 14224 | D:13     | Found a gate to the Vaults.
 14491 | Lair:1   | Entered Level 1 of the Lair of Beasts
 14832 | Lair:1   | Reached skill level 10 in Summonings
 15285 | Lair:1   | Identified the +6 dagger of Gloom {heavy, rElec rPois Str-3
                  | Dex+5}
 16051 | Lair:1   | Reached skill level 10 in Spellcasting
 16492 | Lair:2   | Learned a level 5 spell: Arcjolt
 17145 | Lair:3   | Reached skill level 10 in Dodging
 17891 | Lair:3   | Found a staircase to the Swamp.
 17913 | Lair:3   | Reached XP level 14. HP: 98/102 MP: 24/31
 18151 | Lair:3   | Reached skill level 10 in Stealth
 18324 | Lair:3   | Found a staircase to the Snake Pit.
 18657 | Lair:4   | Reached skill level 10 in Invocations
 19550 | Lair:4   | Found a staircase to the Slime Pits.
 20057 | Lair:5   | Entered Level 5 of the Lair of Beasts
 21110 | Lair:5   | Reached XP level 15. HP: 110/111 MP: 32/32
 21293 | Lair:5   | Reached skill level 10 in Fighting
 21293 | Lair:5   | Reached skill level 10 in Short Blades
 21293 | Lair:5   | Reached skill level 10 in Long Blades
 21293 | Lair:5   | Reached skill level 10 in Axes
 21293 | Lair:5   | Reached skill level 10 in Maces & Flails
 21293 | Lair:5   | Reached skill level 10 in Polearms
 21293 | Lair:5   | Reached skill level 10 in Staves
 21293 | Lair:5   | Reached skill level 10 in Ranged Weapons
 21293 | Lair:5   | Reached skill level 10 in Throwing
 21293 | Lair:5   | Reached skill level 10 in Armour
 21293 | Lair:5   | Reached skill level 10 in Shields
 21293 | Lair:5   | Reached skill level 10 in Unarmed Combat
 21293 | Lair:5   | Reached skill level 10 in Evocations
 21689 | Lair:5   | Found the +6 Majin-Bo {spellvamp, MP+6 Int+6}
 21938 | Lair:5   | Identified the +1 robe "Terad" {Dex+2}
 22828 | Orc:1    | Entered Level 1 of the Orcish Mines
 22828 | Orc:1    | Noticed Sonja
 22841 | Orc:1    | Killed Sonja
 23013 | Orc:2    | Entered Level 2 of the Orcish Mines
 23210 | Orc:2    | Found a staircase to the Elven Halls.
 23356 | Orc:1    | Noticed an orc warlord
 23370 | Orc:1    | Killed an orc warlord
 25269 | Orc:2    | Found Foicw's Distillery.
 25269 | Orc:2    | Found Muopizoo's Antique Weapon Shop.
 25270 | Orc:2    | Found Socratai's Armour Shop.
 25270 | Orc:2    | Found Qihot's Assorted Antiques.
 25278 | Orc:2    | Bought a potion of heal wounds for 80 gold pieces
 25278 | Orc:2    | Bought a potion of heal wounds for 80 gold pieces
 25278 | Orc:2    | Bought a potion of might for 64 gold pieces
 25278 | Orc:2    | Bought a potion of cancellation for 128 gold pieces
 25278 | Orc:2    | Bought a potion of brilliance for 64 gold pieces
 25281 | Orc:2    | Bought an opal ring for 140 gold pieces
 25430 | D:14     | Found Peatzie's Antique Weapon Boutique.
 25434 | D:14     | Found a gate leading to a gauntlet.
 25437 | D:14     | Bought a jewelled orcbow for 272 gold pieces
 25437 | D:14     | Identified the +8 orcbow of Slime {freeze, rN+ rCorr Str-3}
                  | (You bought it in a shop on level 14 of the Dungeon)
 25475 | Gauntlet | Entered a Gauntlet
 25475 | Gauntlet | Found a transporter.
 25475 | Gauntlet | Found a transporter.
 25475 | Gauntlet | Found a transporter.
 25479 | Gauntlet | Found a transporter.
 25481 | Gauntlet | Found a transporter.
 25490 | Gauntlet | Found a transporter.
 25492 | Gauntlet | Found a transporter.
 25494 | Gauntlet | Found a transporter.
 25497 | Gauntlet | Found a transporter.
 25507 | Gauntlet | Found a transporter.
 25507 | Gauntlet | Found a transporter.
 25508 | Gauntlet | Found a transporter.
 25525 | Gauntlet | Reached ***** piety under Ashenzari
 25624 | Gauntlet | Identified the +2 cloak of Bupikli {Int+5}
 25813 | Gauntlet | Learned a level 5 spell: Irradiate
 26552 | D:14     | Identified Gohef's Octavo of the Gathering and Portals
 26652 | D:14     | Found a bloodstained altar of Trog.
 26748 | D:14     | Reached XP level 16. HP: 18/129 MP: 18/33
 27433 | D:14     | Reached skill level 10 in Shapeshifting
 27820 | D:15     | Entered Level 15 of the Dungeon
 28199 | D:15     | Found a white marble altar of Elyvilon.
 28535 | D:15     | Found a staircase to the Depths.
 28950 | D:15     | Upgraded the game from 0.31-a0-1267-gfedaa18580 to
                  | 0.31-a0-1278-g11c5b68f87
 29186 | Snake:1  | Entered Level 1 of the Snake Pit
 29187 | Snake:1  | Noticed Asterion
 29196 | Snake:1  | Killed Asterion
 29843 | Snake:1  | Found Taiw's Book Shoppe.
 29844 | Snake:1  | Found Puuq's Jewellery Boutique.
 29845 | Snake:1  | Found Entism's Book Shoppe.
 29853 | Snake:1  | Bought the amulet of Evaum {Reflect rPois SH+5} for 700
                  | gold pieces
 29936 | Snake:1  | Noticed Louise
 29950 | Snake:1  | Killed Louise
 30046 | Snake:1  | Found a white marble altar of Elyvilon.
 30784 | Snake:2  | Noticed Donald
 30795 | Snake:2  | Killed Donald
 30969 | Snake:2  | Found Byvuem's General Store.
 30969 | Snake:2  | Found Ciwyom's Jewellery Shop.
 30969 | Snake:2  | Found Suhy's General Store.
 30971 | Snake:2  | Found Ymnodd's Assorted Antiques.
 31720 | Snake:1  | Bought a book of Beasts for 608 gold pieces
 31726 | Snake:1  | Learned a level 5 spell: Summon Mana Viper
 32386 | Snake:2  | Found Xizxawy's Antique Weapon Boutique.
 32565 | Snake:2  | Found Jamuergh's Antique Weapon Shoppe.
 32566 | Snake:2  | Noticed a nagaraja
 32577 | Snake:2  | Killed a nagaraja
 32797 | Snake:2  | Identified the +1 chain mail "Haengini" {*Slow rN+ Will++}
 33085 | Snake:2  | Bought a potion of invisibility for 136 gold pieces
 33109 | Snake:3  | Reached XP level 17. HP: 88/137 MP: 23/35
 33405 | Snake:3  | Found Michael's Dragon-Slaying Spoils.
 33748 | Snake:3  | Found a transporter.
 33752 | Snake:3  | Found Noshrad's Distillery.
 33774 | Snake:3  | Noticed a tentacled starspawn
 33816 | Snake:3  | Noticed a Hell Sentinel
 34430 | Snake:3  | Found a one-way gate to the infinite horrors of the Abyss.
 34495 | Snake:3  | Noticed Zonian's ghost (adept DgHu)
 34500 | Snake:3  | Identified the +5 broad axe of Painful Death {flame, rElec
                  | rCorr Int+3 Dex+4}
 34521 | Snake:3  | Found a transporter.
 34626 | Snake:4  | Entered Level 4 of the Snake Pit
 34634 | Snake:4  | Reached skill level 10 in Conjurations
 34634 | Snake:4  | Reached skill level 10 in Hexes
 34634 | Snake:4  | Reached skill level 10 in Necromancy
 34634 | Snake:4  | Reached skill level 10 in Translocations
 34634 | Snake:4  | Reached skill level 10 in Transmutations
 34634 | Snake:4  | Reached skill level 10 in Fire Magic
 34634 | Snake:4  | Reached skill level 10 in Ice Magic
 34634 | Snake:4  | Reached skill level 10 in Air Magic
 34634 | Snake:4  | Reached skill level 10 in Earth Magic
 34634 | Snake:4  | Reached skill level 10 in Poison Magic
 34937 | Snake:4  | Noticed Mlioglotl
 34960 | Snake:4  | Killed Mlioglotl
 35682 | Snake:4  | Identified the +1 scimitar "Hell-Harrower" {flame, Will+
                  | Int+3}
 35771 | Snake:4  | Identified the +0 ring mail of the Baker {rElec Str-4 Int+3
                  | SInv}
 36677 | Snake:4  | Killed from afar by a salamander tyrant

Illustrated notes

Levels and vault maps discovered:
D:1:      minmay_arrival_radiant_lines, layout_loops_ring, skrybe_limestone_x,
          dk_noncrumbling_2, minmay_misc_feat_encased, grunt_decor_resistance,
          minivault_26, minmay_octomino_j4
D:2:      layout_loops_ring, dk_noncrumbling_4
D:3:      layout_loops_cross
D:4:      layout_basic, nicolae_overflow_hidden_temple,
          nemelex_dance_club_becter, serial_shops,
          nicolae_shop_tiny_statue_garden, dreamdust_wishing_well,
          minmay_rat_hole
D:5:      layout_loops_ring, kennysheep_okawaru_gauntlet,
          nicolae_vehumet_altar_sigil, nicolae_qazlal_beasts_of_the_sky,
          mainiacjoe_overflow_boulevard, minmay_temple_entry_hall, serial_shops,
          nicolae_shop_competitors_out_of_business, minivault_11,
          nicolae_alphabet_shops, kennysheep_generic_room_11, uniq_duvessa,
          uniq_eustachio
D:6:      layout_cave_pods, chei_slow_surprise,
          gammafunk_temple_overflow_forgotten
D:7:      layout_loops_ring, nicolae_dithmenos_shadow_blocks, serial_shops, shop
D:8:      layout_rooms, fedhas_altar_decomposition
D:9:      layout_gridville, gammafunk_temple_overflow_claw,
          erik_lair_orcish_takeover, water_boxes_lemuel, uniq_psyche
D:10:     layout_loops_ring, nicolae_lava_and_water
D:11:     layout_basic, orc_0_dummy, grunt_decor_mini_mirrors,
          nicolae_shop_clearance
D:12:     layout_irregular_city, serial_column_ruins, column_ruins_hut_water,
          column_ruins_open_tiny, column_ruins_corridor_corner,
          column_ruins_grid_2, column_ruins_columns_straight,
          column_ruins_columns_straight, column_ruins_grid_4,
          column_ruins_columns_straight
D:13:     layout_basic, hellmonk_vaults_attempted_burglary, uniq_frances,
          uniq_snorg
D:14:     layout_roguey, serial_curves, eino_curves_01, eino_curves_02,
          bloody_trog, serial_shops, nicolae_shop_advertising_works
          [nicolae_subvault_shop_adworks], gauntlet_entry_generic, ice2_lemuel
D:15:     grunt_enter_depths_hoard, layout_stronghold, elyvilon_altar_4,
          roderic_roman_lattice
Temple:   hellmonk_temple_two_chambers
Lair:1:   minmay_lair_venomous_thicket, layout_chaotic_city,
          hibernation_bobbens, serial_bayou_shore_b, grunt_megastairs_1
Lair:2:   layout_hall_layers, st_stairs_8, dreamdust_deal_with_the_devil
Lair:3:   layout_roguey, mainiacjoe_swamp_entry_lozenge_pond,
          guppyfry_snake_entry_garden
Lair:4:   layout_cave_pods, slime_entry_1, grunt_megastairs_2,
          lemuel_fruit_fields
Lair:5:   minmay_lair_end_enchanted_forest, layout_small_grid, st_stairs_5,
          lemuel_old_faithful
Snake:1:  layout_chambers, basic_altar, nicolae_triple_integral,
          minmay_shop_grove, uniq_louise, uniq_asterion
Snake:2:  layout_cave_pods, serial_shops, shop, shop, nicolae_snake_omega,
          lemuel_fruit_tree, minmay_shoptagon, uniq_donald
Snake:3:  layout_rooms, serial_shops, shop, gammafunk_ghost_abyssal_escape,
          nicolae_shop_dragon_depot, nicolae_elevator_lobby_asterisk
Snake:4:  snake_pit_salamanders_mu, layout_misc_corridors, uniq_nikola,
          uniq_aizul, uniq_mlioglotl
Orc:1:    layout_caves, uniq_sonja
Orc:2:    st_orc_pillars, layout_diamond_mine

Skill      XL: |  1  2  3  4  5  6  7  8  9 10 11 12 13 14 15 16 17 |
---------------+----------------------------------------------------+-----
Spellcasting   | 5 6 7 8 9 10 11 12 13 | 13.1
Invocations    | 1 2 3 4 5 6 7 8 9 10 11 12 13 | 13.1
Fighting       | 1 2 3 4 5 7 8 9 10 11 12 | 12.1
Short Blades   | 1 2 3 4 5 7 8 9 10 11 12 | 12.1
Long Blades    | 1 2 3 4 5 7 8 9 10 11 12 | 12.1
Axes           | 1 2 3 4 5 7 8 9 10 11 12 | 12.1
Maces & Flails | 1 2 3 4 5 7 8 9 10 11 12 | 12.1
Polearms       | 1 2 3 4 5 7 8 9 10 11 12 | 12.1
Staves         | 1 2 3 4 5 7 8 9 10 11 12 | 12.1
Ranged Weapons | 1 2 3 4 5 7 8 9 10 11 12 | 12.1
Throwing       | 1 2 3 4 5 7 8 9 10 11 12 | 12.1
Armour         | 1 2 3 4 5 7 8 9 10 11 12 | 12.1
Shields        | 1 2 3 4 5 7 8 9 10 11 12 | 12.1
Unarmed Combat | 1 2 3 4 5 7 8 9 10 11 12 | 12.1
Evocations     | 1 2 3 4 5 7 8 9 10 11 12 | 12.1
Shapeshifting  | 1 2 3 4 5 6 7 8 9 10 11 | 11.1
Conjurations   | 1 2 3 4 5 6 7 8 9 10 | 10.2
Hexes          | 1 2 3 4 5 6 7 8 9 10 | 10.2
Necromancy     | 1 2 3 4 5 6 7 8 9 10 | 10.2
Translocations | 1 2 3 4 5 6 7 8 9 10 | 10.2
Transmutations | 1 2 3 4 5 6 7 8 9 10 | 10.2
Fire Magic     | 1 2 3 4 5 6 7 8 9 10 | 10.2
Ice Magic      | 1 2 3 4 5 6 7 8 9 10 | 10.2
Air Magic      | 1 2 3 4 5 6 7 8 9 10 | 10.2
Earth Magic    | 1 2 3 4 5 6 7 8 9 10 | 10.2
Poison Magic   | 1 2 3 4 5 6 7 8 9 10 | 10.2
Dodging        | 5 6 7 8 9 10 11 12 | 12.9
Stealth        | 5 6 7 8 9 10 11 12 | 12.8
Summonings     | 8 9 10 11 12 | 12.4

Action                     |  1- 3 |  4- 6 |  7- 9 | 10-12 | 13-15 | 16-18 || total
---------------------------+-------+-------+-------+-------+-------+-------++-------
  Melee: Dagger            |    20 |    65 |   105 |    25 |       |       ||   215
         Bite              |     1 |     4 |    24 |    27 |    79 |    37 ||   172
         Punch             |       |     2 |     4 |     9 |    38 |       ||    53
         Short sword       |       |       |       |   150 |   426 |       ||   576
         Bo                |       |       |       |       |    27 |   214 ||   241
  Throw: Throwing net      |       |       |       |     1 |       |       ||     1
   Cast: Summon Small Mamm |    21 |    10 |    13 |     5 |    34 |       ||    83
         Call Imp          |    11 |     9 |    13 |    11 |    28 |       ||    72
         Call Canine Famil |     2 |    19 |    14 |    14 |    23 |     1 ||    73
         Summon Guardian G |       |     1 |     9 |    38 |    35 |     3 ||    86
         Summon Lightning  |       |     1 |    20 |    61 |    76 |     6 ||   164
         Airstrike         |       |       |       |    58 |     1 |       ||    59
         Tukima's Dance    |       |       |       |     2 |       |    35 ||    37
         Arcjolt           |       |       |       |       |   128 |       ||   128
         Summon Hydra      |       |       |       |       |    66 |   132 ||   198
         Irradiate         |       |       |       |       |     2 |       ||     2
         Summon Mana Viper |       |       |       |       |       |    20 ||    20
 Invoke: Curse Item        |       |       |     3 |     3 |     2 |     2 ||    10
         Shatter the Chain |       |       |       |       |     2 |     2 ||     4
  Evoke: Wand              |       |       |     1 |     5 |     1 |     4 ||    11
         Phantom mirror    |       |       |       |       |     1 |     1 ||     2
    Use: Scroll            |     1 |    11 |     4 |     2 |     7 |     3 ||    28
         Potion            |       |       |     1 |       |     8 |     7 ||    16
   Stab: Sleeping          |     6 |    13 |     6 |     7 |     9 |    11 ||    52
         Distracted        |       |       |       |       |     8 |     2 ||    10
 Armour: Robe              |    14 |    33 |    73 |    90 |   451 |   151 ||   812
  Dodge: Dodged            |    23 |    44 |    99 |    83 |   506 |   121 ||   876
  Block: Buckler           |       |       |       |       |    17 |    29 ||    46
         Kite shield       |       |       |       |       |       |   217 ||   217
         Reflection        |       |       |       |       |       |    45 ||    45

Table legend: (Time is in decaauts)
 A = Elapsed time spent in this place.
 B = Non-inter-level travel time spent in this place.
 C = Inter-level travel time spent in this place.
 D = Time resting spent in this place.
 E = Time spent auto-exploring this place.
 F = Levels seen in this place.
 G = Mean time per level.
                   A        B        C        D        E       F      G
               +--------+--------+--------+--------+--------+-----+--------+
         Total |  36281 |  34218 |   2063 |   7512 |  19381 |  28 | 1295.8 |
       Dungeon |  17158 |  15832 |   1326 |   2102 |  10223 |  15 | 1143.9 |
        Temple |      8 |      4 |      4 |      0 |      0 |   1 |    8.0 |
          Lair |   8155 |   7755 |    400 |   2132 |   3901 |   5 | 1631.0 |
     Snake Pit |   7423 |   7171 |    252 |   1625 |   4412 |   4 | 1855.8 |
  Orcish Mines |   2472 |   2392 |     80 |    984 |    844 |   2 | 1236.0 |
      Gauntlet |   1062 |   1062 |      0 |    669 |      0 |   1 | 1062.0 |
               +--------+--------+--------+--------+--------+-----+--------+

Top non-repeatable levels by time:
 Snake:2: 2298 daAuts
  Lair:5: 2053 daAuts
 Snake:4: 2030 daAuts
  Lair:1: 1851 daAuts
  Lair:4: 1751 daAuts
 Snake:1: 1695 daAuts
    D:11: 1524 daAuts
    D:13: 1494 daAuts
  Lair:3: 1482 daAuts
 Snake:3: 1400 daAuts
    D:14: 1360 daAuts
   Orc:2: 1254 daAuts
    D:12: 1245 daAuts
   Orc:1: 1217 daAuts
    D:10: 1198 daAuts
